 Dungeon Crawl Stone Soup version 0.30.0-10-gfe55d96785 (webtiles) character file.

Game seed: 16701178241789623391

9 hawla the Grave Robber (level 2, -1/17 (20) HPs)
             Began as a Meteoran Necromancer on May 14, 2023.
             Slain by an orc
             ... wielding a +0 short sword
              (5 damage)
             ... on level 4 of the Dungeon.
             The game lasted 00:01:10 (122 turns).

hawla the Grave Robber (Meteoran Necromancer)        Turns: 122, Time: 00:01:11

HP:   -1/17 (20)    AC:  2    Str:  9    XL:     2   Next: 41%
MP:   6/6           EV: 12    Int: 16    God:
Gold: 0             SH:  0    Dex: 14    Spells: 5/6 levels left

rFire   . . .        (no weapon)
rCold   . . .        (no shield)
rNeg    . . .        a - +0 robe
rPois   .            (no helmet)
rElec   .            (no cloak)
rCorr   .            (no gloves)
SInv    .            (no boots)
Will    .....        (no amulet)
Stlth   +            (no ring)
HPRegen 0.22/turn    (no ring)
MPRegen 0.10/turn

%: no passive effects
@: confused, glowing, heavily drained
A: sense surroundings 1, otherworldly, glowing, explore regen
a: no special abilities


You were on level 4 of the Dungeon.
You visited 1 branch of the dungeon, and saw 4 of its levels.

Inventory:

Armour
 a - a +0 robe (worn)
Scrolls
 c - 2 scrolls of identify {unknown}
 d - a scroll of enchant armour {unknown}
Potions
 b - a potion of magic


   Skills:
 + Level 2.4 Dodging
 - Level 1.4 Stealth
 + Level 2.7 Spellcasting
 + Level 4.9 Necromancy


You had 5 spell levels left.
You knew the following spells:

 Your Spells              Type           Power      Damage    Failure   Level
a - Necrotise             Necr           72%        1d7       2%          1

Your spell library contained the following spells:

 Spells                   Type           Power      Damage    Failure   Level
 Vampiric Draining        Necr           18%        2d7       8%          3
 Animate Dead             Necr           18%        N/A       26%         4
 Agony                    Necr           18%        N/A       56%         5


Dungeon Overview and Level Annotations

Branches:
Dungeon (4/15) Zot: 2271
 Temple: D:4-7

Altars:


Innate Abilities, Weirdness & Mutations

You passively map a small area around you.
You are easily found by Zot.
You glow in the dark.
You regain HP and MP as you explore.


Message History

You barely miss the orc wizard.
The orc wizard is moderately wounded.
The orc wizard barely misses you.
You hit the orc wizard but do no damage.
The orc wizard is moderately wounded.
The orc wizard gestures at you while chanting.
You are confused.
You barely miss the orc wizard.
The orc wizard is moderately wounded.
The orc wizard hits you with a +1 dagger of draining.
You feel drained. Magic courses through your body.
You're too confused to cast spells.
Sorry, you're not good enough to have a special ability.
Unknown command.
You're too confused to cast spells.
Sorry, you're not good enough to have a special ability.
Unknown command.
Okay, then.
The orc wizard hits you with a +1 dagger of draining.
You feel drained.
You closely miss the orc wizard.
The orc wizard is moderately wounded.
The orc wizard closely misses you. The orc misses you.
You hit the orc wizard but do no damage.
The orc wizard is moderately wounded.
The orc hits you with a +0 short sword.
You bump into the rock wall.
The orc wizard points at you and mumbles some strange words.
You are more confused.
The orc barely misses you. The orc attacks as you move away!
The orc hits you with a +0 club.
The orc wizard hits you with a +1 dagger of draining.
* * * LOW HITPOINT WARNING * * *
You feel drained.
* * * LOW HITPOINT WARNING * * *
You hit the orc wizard but do no damage.
The orc wizard is moderately wounded.
The orc hits you with a +0 short sword.
You die...

#....<..#.##
#########.######
, , #.......#, ,
#.#####.# * * *
#.# * * * #.# *
, #.# , * , ,
#.#####.# *
####o.@....#
*#....oo.####
.....#####.# *
###o * .# # , ,*
.# ,>* * , .# ,
, **.# , .# *


You could see an orc wizard and 2 orcs.

Vanquished Creatures
  An orc (D:4)
  A goblin (D:3)
  2 hobgoblins (D:3)
  A rat (D:3)
5 creatures vanquished.

Vanquished Creatures (collateral kills)
  A dart slug (D:3)
1 creature vanquished.

Grand Total: 6 creatures vanquished

Notes
Turn   | Place    | Note
-------+----------+-------------------------------------------
     0 | D:1      | hawla the Meteoran Necromancer began the quest for the Orb.
     0 | D:1      | Reached XP level 1. HP: 14/14 MP: 5/5
    72 | D:3      | Reached XP level 2. HP: 17/20 MP: 0/6
   122 | D:4      | Slain by an orc

Illustrated notes

Levels and vault maps discovered:
D:1:      zaba_arrival_water, layout_loops_ring
D:2:      layout_basic
D:3:      layout_rooms, mainiacjoe_overflow_catwalk_spiral,
          hellmonk_ecumenical_altar_watching_god
D:4:      layout_loops_cross, nicolae_stop_n_shop_2

Action                     || total
---------------------------++-------
  Melee: Unarmed           ||    20
         Punch             ||     1
   Cast: Necrotise         ||    15
    Use: Potion            ||     1
  Dodge: Dodged            ||    13
